 Dungeon Crawl Stone Soup version 0.28.0-53-g5a82cb258f (webtiles) character file.

Game seed: 16839332743596048138

57 Kranky the Chucker (level 4, -1/38 HPs)
             Began as a Gnoll Wanderer on June 18, 2022.
             Slain by a gnoll
             ... wielding a +0 halberd
              (8 damage)
             ... on level 3 of the Dungeon.
             The game lasted 00:02:26 (1319 turns).

Kranky the Chucker (Gnoll Wanderer)                 Turns: 1319, Time: 00:02:27

Health: -1/38      AC:  6    Str: 13    XL:     4   Next: 0%
Magic:  8/8        EV:  8    Int:  9    God:
Gold:   37         SH:  4    Dex: 14    Spells: 7/8 levels left

rFire   . . .      SeeInvis .   a - +3 dagger
rCold   . . .      Faith    .   h - +0 buckler
rNeg    . . .      Spirit   .   g - +0 scale mail
rPois   .          Reflect  .   (no helmet)
rElec   .          Harm     .   (no cloak)
rCorr   .          Rampage  .   (no gloves)
Will    .....                   (no boots)
Stlth   ..........              (no amulet)
HPRegen 0.12/turn               (no ring)
MPRegen 0.11/turn               (no ring)

@: no status effects
A: fangs 1, strong nose, distributed training
a: no special abilities


You were on level 3 of the Dungeon.
You visited 1 branch of the dungeon, and saw 3 of its levels.

You collected 37 gold pieces.

Inventory:

Hand Weapons
 a - a +3 dagger (weapon)
Missiles
 b - 3 curare-tipped darts (quivered)
 f - 3 poisoned darts
Armour
 c - a +0 leather armour
 g - a +0 scale mail (worn)
 h - a +0 buckler (worn)
Scrolls
 e - a scroll of magic mapping {unknown}
 j - a scroll of silence {unknown}
 k - a scroll of fear {unknown}
Potions
 d - 3 potions of curing {unknown}
 i - a potion of attraction {unknown}


   Skills:
 + Level 4.6 Fighting
 + Level 1.0 Short Blades
 + Level 1.0 Long Blades
 + Level 1.0 Axes
 + Level 1.0 Maces & Flails
 + Level 1.0 Polearms
 + Level 1.0 Staves
 + Level 1.0 Slings
 + Level 1.0 Bows
 + Level 1.0 Crossbows
 + Level 6.5 Throwing
 + Level 1.0 Armour
 + Level 1.0 Dodging
 + Level 1.0 Stealth
 + Level 1.0 Shields
 + Level 1.0 Unarmed Combat
 + Level 2.9 Spellcasting
 + Level 0.7 Conjurations
 + Level 0.7 Hexes
 + Level 0.7 Summonings
 + Level 0.7 Necromancy
 + Level 0.7 Translocations
 + Level 0.7 Transmutations
 + Level 0.7 Fire Magic
 + Level 0.7 Ice Magic
 + Level 3.8 Air Magic
 + Level 0.7 Earth Magic
 + Level 0.7 Poison Magic
 + Level 4.6 Invocations
 + Level 1.0 Evocations


You had 7 spell levels left.
You knew the following spells:

 Your Spells              Type           Power      Damage    Failure   Level
a - Shock                 Conj/Air       20%        1d4       61%         1

Your spell library contained the following spells:

 Spells                   Type           Power      Damage    Failure   Level
 Poisonous Vapours        Pois/Air       10%        N/A       75%         2
 Swiftness                Air            8%         N/A       77%         3
 Sting                    Tmut/Pois      8%         1d3       83%         1
 Mephitic Cloud           Conj/Pois/Air  4%         N/A       96%         3
 Ignite Poison            Fire/Tmut/Pois 2%         N/A       99%         3
 Olgreb's Toxic Radiance  Pois           2%         N/A       100%        4
 Freezing Cloud           Conj/Ice/Air   2%         6-21      100%        5


Dungeon Overview and Level Annotations

Branches:
Dungeon (3/15)

Altars:


Innate Abilities, Weirdness & Mutations

You have very sharp teeth.
Your uncanny sense of smell can sniff out nearby items.
Your experience applies equally to all skills.


Message History

You kill the adder!
Your Short Blades skill increases to level 1!
Your Long Blades skill increases to level 1!
Your Axes skill increases to level 1!
Your Maces & Flails skill increases to level 1!
Your Polearms skill increases to level 1!
Your Staves skill increases to level 1!
Your Slings skill increases to level 1!
Your Bows skill increases to level 1!
Your Crossbows skill increases to level 1!
Your Armour skill increases to level 1!
Your Dodging skill increases to level 1!
Your Stealth skill increases to level 1!
Your Shields skill increases to level 1!
Your Unarmed Combat skill increases to level 1!
Your Evocations skill increases to level 1!
You have reached level 4!
You feel clever.
You barely miss the hobgoblin.
The hobgoblin hits you but does no damage.
You closely miss the hobgoblin. You block the hobgoblin's attack.
You closely miss the hobgoblin. The hobgoblin misses you.
You barely miss the hobgoblin. You block the hobgoblin's attack.
You barely miss the hobgoblin.
A gnoll comes into view. It is wielding a +0 halberd.
The hobgoblin hits you but does no damage.
The gnoll shouts!
You hit the hobgoblin.
The hobgoblin is almost dead.
The hobgoblin hits you.
* * * LOW HITPOINT WARNING * * *
You closely miss the hobgoblin.
The hobgoblin is almost dead.
The hobgoblin hits you but does no damage.
You barely miss the hobgoblin.
The hobgoblin is almost dead.
The gnoll barely misses you. You block the hobgoblin's attack.
You closely miss the hobgoblin.
The hobgoblin is almost dead.
The gnoll hits you from afar with a +0 halberd!
You die...

#.# ... #.#
#.#### #.# #....#
###.# #.##.# ...#
#.##(# ∆ #.###
#.##.# # #...#
#.##.###.#
#.#g####........#
#.#.g@..........#
#l#########.###.#
#g# #)# #)# # b.#
#.# #.# # ..# #.#
#.# # .... #.#
#.# # .###
#.###.###### #.
#.##........
#...........


You could see a gnoll and a hobgoblin.

Vanquished Creatures
  2 gnolls (D:3)
  An adder (D:3)
  A dart slug (D:1)
  3 endoplasms
  4 giant cockroaches (D:1)
  2 goblins
  A hobgoblin (D:1)
  A jackal (D:3)
  A quokka (D:3)
  3 ball pythons
  2 bats
  2 frilled lizards
  A kobold (D:1)
  2 rats (D:1)
26 creatures vanquished.

Notes
Turn   | Place    | Note
-------+----------+-------------------------------------------
     0 | D:1      | Kranky the Gnoll Wanderer began the quest for the Orb.
     0 | D:1      | Kranky set off with the following items: a +3 dagger, 3
                  | curare-tipped darts, a +0 leather armour; and the following
                  | spell memorised: Shock; and the following spells available
                  | to memorise: Swiftness
     0 | D:1      | Reached XP level 1. HP: 20/20 MP: 4/4
   345 | D:1      | Reached XP level 2. HP: 25/26 MP: 5/5
   981 | D:2      | You fall into a shaft and drop 1 floor!
  1174 | D:3      | Reached XP level 3. HP: 27/31 MP: 7/7
  1311 | D:3      | Reached skill level 1 in Short Blades
  1311 | D:3      | Reached skill level 1 in Long Blades
  1311 | D:3      | Reached skill level 1 in Axes
  1311 | D:3      | Reached skill level 1 in Maces & Flails
  1311 | D:3      | Reached skill level 1 in Polearms
  1311 | D:3      | Reached skill level 1 in Staves
  1311 | D:3      | Reached skill level 1 in Slings
  1311 | D:3      | Reached skill level 1 in Bows
  1311 | D:3      | Reached skill level 1 in Crossbows
  1311 | D:3      | Reached skill level 1 in Armour
  1311 | D:3      | Reached skill level 1 in Dodging
  1311 | D:3      | Reached skill level 1 in Stealth
  1311 | D:3      | Reached skill level 1 in Shields
  1311 | D:3      | Reached skill level 1 in Unarmed Combat
  1311 | D:3      | Reached skill level 1 in Evocations
  1311 | D:3      | Reached XP level 4. HP: 7/38 MP: 8/8
  1319 | D:3      | Slain by a gnoll

Illustrated notes

Levels and vault maps discovered:
D:1:      scummos_arrival_star, layout_basic
D:2:      layout_basic
D:3:      layout_loops_ring, mainiacjoe_overflow_small_starburst,
          minmay_close_crescents

Skill      XL: |  1  2  3 |
---------------+----------+-----
Short Blades   | 1 |  1.0
Long Blades    | 1 |  1.0
Axes           | 1 |  1.0
Maces & Flails | 1 |  1.0
Polearms       | 1 |  1.0
Staves         | 1 |  1.0
Slings         | 1 |  1.0
Bows           | 1 |  1.0
Crossbows      | 1 |  1.0
Armour         | 1 |  1.0
Dodging        | 1 |  1.0
Stealth        | 1 |  1.0
Shields        | 1 |  1.0
Unarmed Combat | 1 |  1.0
Evocations     | 1 |  1.0
Fighting       | |  4.6
Throwing       | |  6.5
Spellcasting   | |  2.9
Conjurations   | |  0.7
Hexes          | |  0.7
Summonings     | |  0.7
Necromancy     | |  0.7
Translocations | |  0.7
Transmutations | |  0.7
Fire Magic     | |  0.7
Ice Magic      | |  0.7
Air Magic      | |  3.8
Earth Magic    | |  0.7
Poison Magic   | |  0.7
Invocations    | |  4.6

Action                   |  1- 3 |  4- 6 || total
-------------------------+-------+-------++-------
Melee: Dagger            |    83 |     9 ||    92
       Bite              |     7 |       ||     7
Armor: Leather armour    |    13 |       ||    13
       Scale mail        |    16 |     3 ||    19
Dodge: Dodged            |    35 |     2 ||    37
Block: Buckler           |     5 |     3 ||     8
